 Dungeon Crawl Stone Soup version 0.28.0 (webtiles) character file.

Game seed: 15081253278794203582

359 belegose the Skirmisher (level 6, -1/55 HPs)
             Began as a Minotaur Abyssal Knight on Feb 7, 2022.
             Was a Believer of Lugonu.
             Slain by a centaur (2 damage)
             ... on level 5 of the Dungeon.
             The game lasted 00:10:27 (4147 turns).

belegose the Skirmisher (Minotaur Abyssal Knight)   Turns: 4147, Time: 00:10:27

Health: -1/55      AC:  5    Str: 18    XL:     6   Next: 37%
Magic:  7/7        EV: 10    Int:  9    God:    Lugonu [**....]
Gold:   138        SH:  0    Dex: 10    Spells: 5/5 levels left

rFire   . . .      SeeInvis .   a - +2 dagger (venom)
rCold   . . .      Faith    .   (no shield)
rNeg    . . .      Spirit   .   i - +0 ring mail
rPois   .          Reflect  .   (helmet restricted)
rElec   .          Harm     .   (no cloak)
rCorr   .          Rampage  .   (no gloves)
Will    .....                   (no boots)
Stlth   ..........              (no amulet)
HPRegen 0.18/turn               (no ring)
MPRegen 0.10/turn               (no ring)

@: no status effects
A: horns 2, retaliatory headbutt
a: Renounce Religion, Depart the Abyss, Bend Space


You were on level 5 of the Dungeon.
You worshipped Lugonu.
Lugonu was pleased with you.
You visited 2 branches of the dungeon, and saw 6 of its levels.
You visited the Abyss 1 time.

You collected 138 gold pieces.

Inventory:

Hand Weapons
 a - a +2 dagger of venom (weapon)
 b - a +4 short sword
 n - a +1 mace
Missiles
 e - 5 javelins
 f - 105 stones
 k - 49 bolts
 o - 12 poisoned darts (quivered)
 r - 2 throwing nets
Armour
 i - a +0 ring mail (worn)
Jewellery
 s - a ring of magical power
Wands
 q - a wand of flame (28)
Scrolls
 c - 9 scrolls of identify {unknown}
 g - 3 scrolls of immolation {unknown}
 h - a scroll of acquirement {unknown}
 j - a scroll of amnesia {unknown}
 m - 3 scrolls of teleportation {unknown}
 t - a scroll of blinking {unknown}
 u - a scroll of noise {unknown}
 w - a scroll of vulnerability {unknown}
Potions
 d - 3 potions of flight {unknown}
 l - a potion of cancellation {unknown}
 p - a potion of mutation {unknown}
 v - a potion of attraction {unknown}


   Skills:
 + Level 4.9 Fighting
 + Level 1.3 Short Blades
 - Level 3.7 Maces & Flails
 + Level 2.6 Throwing
 + Level 4.1 Armour
 - Level 1.1 Dodging
 + Level 3.3 Invocations
 + Level 0.7 Evocations


You had 5 spell levels left.
You didn't know any spells.
Your spell library contained the following spells:

 Spells                   Type           Power      Damage    Failure   Level
 Magic Dart               Conj           0%         1d3       56%         1
 Sting                    Tmut/Pois      0%         1d3       56%         1
 Poisonous Vapours        Pois/Air       0%         N/A       71%         2
 Searing Ray              Conj           0%         2d4       71%         2
 Conjure Flame            Conj/Fire      0%         6-21      90%         3
 Gell's Gravitas          Tloc           0%         N/A       90%         3
 Ignite Poison            Fire/Tmut/Pois 0%         N/A       90%         3
 Teleport Other           Tloc           0%         N/A       90%         3
 Fulminant Prism          Conj/Hex       0%         3d6       100%        4
 Olgreb's Toxic Radiance  Pois           0%         N/A       100%        4
 Sticky Flame             Conj/Fire      0%         2d3       100%        4
 Dispersal                Tloc           0%         N/A       100%        6


Dungeon Overview and Level Annotations

Branches:
Dungeon (5/15)             Temple (1/1) D:4

Altars:
Gozag
Vehumet
Xom
The Shining One


Innate Abilities, Weirdness & Mutations

You have a pair of horns on your head.
You reflexively headbutt those who attack you in melee.


Message History

The adder bites you but does no damage. x2
You hit the adder.
The adder looks as sick as possible!
The adder is heavily wounded.
You feel sick. The adder closely misses you.
You hit the adder. Your headbutt misses the adder.
The adder is severely wounded.
You feel sick.
You kill the adder!
Lugonu accepts your kill.
You feel sick.
You see here an adder corpse.
You feel sick.
You feel sick.
You feel sick.
You feel sick.
You feel sick.
You are no longer poisoned.
A centaur comes into view.
The centaur shouts!
The centaur wields a +0 shortbow.
The centaur shoots an arrow.
The arrow hits you.
The centaur shoots an arrow.
The arrow barely misses you.
The centaur shoots an arrow.
The arrow hits you.
The centaur shoots an arrow.
The arrow hits you.
The centaur shoots an arrow.
The arrow hits you.
The centaur shoots an arrow.
The arrow hits you!
* * * LOW HITPOINT WARNING * * *
A scorpion comes into view.
The centaur shoots an arrow.
The arrow hits you.
* * * LOW HITPOINT WARNING * * *
The centaur shoots an arrow.
The arrow barely misses you.
The centaur shoots an arrow.
The arrow hits you!
* * * LOW HITPOINT WARNING * * *
The centaur unwields a +0 shortbow.
The centaur hits you but does no damage.
The centaur kicks you but does no damage.
You hit the centaur.
The centaur is lightly wounded.
The centaur hits you.
You die...

#. #.## #..# #..#
#..####
##....########
#............#...
##........@.s.....
#..########c......
#..# ###.... ##.##
## ... #..# ###...
.
#####..######......
.
#......##.........#
.. #..###..†......#
).. ##.##
##.....####
#####....


You could see a centaur and a scorpion.

Vanquished Creatures
  A necrophage (D:2)
  A black bear (D:4)
  A centaur skeleton (D:4)
  A hound skeleton (D:4)
  4 adders
  A worm (D:3)
  4 dart slugs
  10 orcs
  7 endoplasms
  2 giant cockroaches
  6 goblins
  6 hobgoblins
  4 jackals
  5 quokkas
  8 ball pythons
  3 bats
  3 frilled lizards
  9 kobolds
  4 rats
80 creatures vanquished.

Notes
Turn   | Place    | Note
-------+----------+-------------------------------------------
     0 | Abyss:1  | belegose the Minotaur Abyssal Knight began the quest for
                  | the Orb.
     0 | Abyss:1  | Reached XP level 1. HP: 19/19 MP: 1/1
    31 | Abyss:1  | Noticed a sixfirhy
    35 | D:1      | Escaped the Abyss
   227 | D:1      | Reached XP level 2. HP: 18/27 MP: 2/2
   264 | D:1      | Reached * piety under Lugonu
   888 | D:1      | Reached XP level 3. HP: 33/33 MP: 3/3
   989 | D:1      | Reached skill level 1 in Throwing
  1609 | D:2      | Noticed a necrophage
  1626 | D:2      | Killed a necrophage
  1627 | D:2      | Reached XP level 4. HP: 9/41 MP: 3/5
  1627 | D:2      | Reached XP level 5. HP: 10/47 MP: 3/6
  1970 | D:2      | Found a shimmering altar of Xom.
  2175 | D:3      | Reached ** piety under Lugonu
  2968 | D:3      | Found a faded altar of an unknown god.
  3263 | D:4      | Found a staircase to the Ecumenical Temple.
  3922 | D:4      | Reached skill level 1 in Short Blades
  3941 | D:4      | Noticed a black bear
  3952 | D:4      | Killed a black bear
  3953 | D:4      | Reached XP level 6. HP: 49/55 MP: 7/7
  4032 | Temple   | Entered the Ecumenical Temple
  4052 | D:5      | Entered Level 5 of the Dungeon
  4145 | D:5      | HP: 1/55 [centaur/arrow (10)]
  4147 | D:5      | Slain by a centaur

Illustrated notes

Levels and vault maps discovered:
D:1:      minmay_arrival_five_plusses, layout_loops_ring, serial_bayou_pond_e,
          minivault_11, minmay_hedge_maze, st_stairs_2
D:2:      layout_rooms, basic_altar
D:3:      layout_basic, basic_ecumenical_altar
D:4:      layout_loops_cross, minmay_temple_entry_grid,
          chequers_serial_rivers_large_b
D:5:      layout_cave_pods, portal_sewer_entry_e
Temple:   grunt_wide_crystal_templ

Skill      XL: |  1  2  3  4  5 |
---------------+----------------+-----
Invocations    | 2 3 |  3.3
Fighting       | 4 |  4.9
Throwing       | 1 2 |  2.6
Maces & Flails | 3 |  3.7
Armour         | 3 4 |  4.1
Short Blades   | 1 |  1.3
Dodging        | |  1.1
Evocations     | |  0.7

Action                   |  1- 3 |  4- 6 || total
-------------------------+-------+-------++-------
Melee: Mace              |   104 |    52 ||   156
       Headbutt          |    15 |    20 ||    35
       Punch             |     2 |     3 ||     5
       Dagger            |       |    48 ||    48
       Short sword       |       |     7 ||     7
Throw: Stone             |       |    14 ||    14
       Dart              |       |     6 ||     6
Invok: Depart the Abyss  |     1 |       ||     1
Armor: Leather armour    |    10 |       ||    10
       Ring mail         |    21 |    40 ||    61
Dodge: Dodged            |    44 |    51 ||    95
